 Dungeon Crawl Stone Soup version 0.25-a0-940-gc6eaff51cc (webtiles) character file.

Game seed: 1608358841755785662, levelgen mode: deterministic

83 kae the Chiller (level 4, -1/30 HPs)
             Began as a Merfolk Ice Elementalist on May 5, 2020.
             Slain by Grinder (2 damage)
             ... on level 3 of the Dungeon.
             The game lasted 00:02:23 (2132 turns).

kae the Chiller (Merfolk Ice Elementalist)          Turns: 2132, Time: 00:02:23

Health: -1/30      AC:  4    Str:  8    XL:     4   Next: 44%
Magic:  5/8        EV: 13    Int: 15    God:
Gold:   99         SH:  0    Dex: 14    Spells: 4/8 levels left

rFire    . . .     SeeInvis .   j - +1 spear
rCold    . . .     Gourm    .   (no shield)
rNeg     . . .     Faith    .   a - +1 robe
rPois    .         Spirit   .   (no helmet)
rElec    .         Reflect  .   b - +0 cloak
rCorr    .         Harm     .   (no gloves)
MR       .....                  (no boots)
Stlth    ++........             (no amulet)
HPRegen  0.10/turn              (no ring)
MPRegen  0.11/turn              (no ring)

@: mighty, very slightly contaminated
A: change form in water, swift swim, stealthy swim
a: no special abilities


You were on level 3 of the Dungeon.
You were hungry.

You visited 1 branch of the dungeon, and saw 3 of its levels.

You collected 99 gold pieces.

Inventory:

Hand Weapons
 j - a +1 spear (weapon)
Armour
 a - a +1 robe (worn)
 b - a +0 cloak (worn)
Jewellery
 h - an uncursed amulet of rage
Scrolls
 e - 2 scrolls of identify
Potions
 d - a potion of cancellation
 m - a potion of degeneration
Comestibles
 c - 2 rations


   Skills:
 - Level 2.6 Dodging
 - Level 2.1 Stealth
 + Level 2.9 Spellcasting
 * Level 5.8 Ice Magic


You had 4 spell levels left.
You knew the following spells:

 Your Spells              Type           Power        Failure   Level  Hunger
a - Freeze                Ice            ###.         1%          1    #......
b - Frozen Ramparts       Ice            ###...       5%          3    ###....

Your spell library contained the following spells:

 Spells                   Type           Power        Failure   Level  Hunger
 Ozocubu's Armour         Chrm/Ice       ##......     19%         3    ###....
 Hailstorm                Conj/Ice       ##......     52%         4    #####..
 Summon Ice Beast         Ice/Summ       ##......     52%         4    #####..


Dungeon Overview and Level Annotations

Branches:
Dungeon (3/15)

Altars:
Gozag
Qazlal

Annotations:
D:3 Grinder, Natasha


Message History

Press: ? - help, Dir - move target cursor, f/p - Grinder
Aim: Grinder You reach to attack!
You puncture Grinder!
Grinder is lightly wounded.
Grinder gestures at you.
You suddenly lose the ability to move!
Natasha claws you. Grinder gestures at you. Pain shoots through your body!
* * * LOW HITPOINT WARNING * * *
You can move again.
Attack whom?
Press: ? - help, Dir - move target cursor, f/p - Grinder
Aim: Grinder (lightly wounded)
You barely miss Grinder.
Grinder is lightly wounded.
Natasha completely misses you. Grinder hits you!
* * * LOW HITPOINT WARNING * * *
You writhe in agony.
You die...

........'..†.....#
........####...#.#
.......## #...#.#
#..<..## #.....#
##>..## ###.###
##+## #.### #...#
###5# ## #@# .$
#h# #. #g# #. #5#
.###.#.##.#
......†...#
.###.#.#### #. #.


You could see Grinder, Natasha, a crimson imp and a goblin.

Vanquished Creatures
  2 adders (D:2)
  An ooze (D:3)
  4 worms
  A dart slug (D:1)
  A ball python (D:1)
  8 bats
  2 giant cockroaches
  4 goblins
  8 hobgoblins
  3 jackals (D:1)
  A quokka (D:2)
  4 frilled lizards
  3 kobolds
  6 rats
48 creatures vanquished.

Notes
Turn   | Place    | Note
-------+----------+-------------------------------------------
     0 | D:1      | kae the Merfolk Ice Elementalist began the quest for the
                  | Orb.
     0 | D:1      | Reached XP level 1. HP: 13/13 MP: 3/3
   228 | D:1      | Reached XP level 2. HP: 19/19 MP: 5/5
   402 | D:1      | Reached skill level 5 in Ice Magic
   550 | D:1      | Reached XP level 3. HP: 24/24 MP: 4/6
  1189 | D:2      | Found a faded altar of an unknown god.
  1569 | D:2      | Reached XP level 4. HP: 30/30 MP: 4/8
  1975 | D:2      | Found an opulent altar of Gozag.
  1977 | D:2      | Found a stormy altar of Qazlal.
  2083 | D:3      | Learned a level 3 spell: Frozen Ramparts
  2111 | D:3      | Noticed Grinder
  2116 | D:3      | Paralysed by Grinder for 6 turns
  2118 | D:3      | Noticed Natasha
  2130 | D:3      | Paralysed by Grinder for 2 turns
  2132 | D:3      | HP: 1/30 [Grinder (9)]
  2132 | D:3      | Slain by Grinder

Levels and vault maps discovered:
D:1:      dpeg_arrival_concentric_ovals, layout_rooms
D:2:      layout_loops_ring, minitemple, chequers_ecumenical_altar_simple_redux,
          minmay_misc_feat_ornament
D:3:      layout_loops_corners, uniq_natasha, uniq_crazy_yiuf_cottage,
          uniq_grinder, uniq_jessica

Skill      XL: |  1  2 |
---------------+-------+-----
Ice Magic      | 5 |  5.8
Dodging        | |  2.6
Stealth        | |  2.1
Spellcasting   | |  2.9

Action                   |  1- 3 |  4- 6 || total
-------------------------+-------+-------++-------
Melee: Hand axe          |    17 |       ||    17
       Spear             |    23 |    13 ||    36
 Cast: Freeze            |    48 |    18 ||    66
       Frozen Ramparts   |       |     1 ||     1
  Use: Scroll            |       |    12 ||    12
       Potion            |       |     1 ||     1
 Stab: Sleeping          |     7 |     1 ||     8
  Eat: Chunk             |     3 |     1 ||     4
Armor: Robe              |    15 |     4 ||    19
Dodge: Dodged            |    54 |    19 ||    73

Table legend:
 A = Non-vault XP
 B = Vault XP
 C = Vault XP percentage of total XP
 D = Non-vault monster count
 E = Vault monster count
 F = Vault count percentage of total count
                 A         B        C        D         E       F
            +---------+---------+-------+---------+---------+-------
      Total |     119 |       0 |   0.0 |      48 |       0 |   0.0
            +---------+---------+-------+---------+---------+-------
        D:1 |      43 |       0 |   0.0 |      26 |       0 |   0.0
        D:2 |      59 |       0 |   0.0 |      16 |       0 |   0.0
        D:3 |      17 |       0 |   0.0 |       6 |       0 |   0.0
            +---------+---------+-------+---------+---------+-------
